AoeStats
← jusart.92

Arena

509930297Analyzed
4v4 RM · 4d ago on Sep 28, 2026· 60m 22s· 8 players
Game mode
Random Map
Map size
Large (8 player)
Population
200
Speed
Normal
Resources
Standard
Victory
Conquest
Starting age
Dark Age
Ending age
Imperial Age
RankedLock teamsTeams togetherTeam positionsShared explorationLock speedFull tech treeHidden civsTurbo modeCheats
Victory
Defeat
🇨🇭 Cumans · Switzerland
1302
+13
🇮🇱 Gurjaras · Israel
1182
+18
🇬🇧 Aztecs · United Kingdom
1172
+19
🇬🇧 Britons · United Kingdom
1171
+19
🇩🇪 Koreans · Germany
1320
-21
🇲🇽 Byzantines · Mexico
1228
-17
🇩🇪 Vietnamese · Germany
1208
-16
🇺🇸 Malay · United States
1190
-15
hipster horse
11:02 Feudal Age
12:28 Double-Bit Axe
14:58 Castle Age
12:54 Horse Collar
16:00 Bow Saw
16:02 Heavy Plow
21:37 Wheelbarrow
21:01 Loom
22:04 Stone Mining
22:05 Gold Mining
23:59 Gold Shaft Mining
24:02 Stone Shaft Mining
24:43 Hand Cart
25:10 Fletching
26:13 Thumb Ring
29:34 Imperial Age
27:17 Town Watch
27:18 Treadmill Crane
27:49 Masonry
28:01 Ballistics
27:38 Bodkin Arrow
27:50 Husbandry
30:17 Bracer
31:13 Conscription
30:28 Elite War Wagon
32:20 Two-Man Saw
35:43 Architecture
36:14 Chemistry
36:15 Light Cavalry
38:48 Scale Barding Armor
38:53 Forging
38:51 Siege Engineers
38:11 Hussar
40:35 Murder Holes
41:14 Chain Barding Armor
42:28 Iron Casting
47:09 Town Patrol
49:16 Heated Shot
49:13 Arrowslits
49:44 Eupseong
Zizzle4879
11:37 Feudal Age
11:16 Loom
11:36 Horse Collar
16:36 Castle Age
14:51 Stone Mining
15:59 Forging
18:04 Double-Bit Axe
18:38 Squires
24:56 Iron Casting
26:17 Gold Mining
27:59 Scale Barding Armor
32:26 Imperial Age
30:17 Town Watch
31:30 Gold Shaft Mining
31:05 Man-at-Arms
32:20 Husbandry
32:12 Elite Battle Elephant
33:21 Conscription
33:21 Murder Holes
33:18 Fletching
36:42 Wheelbarrow
35:50 Long Swordsman
36:16 Arson
37:34 Blast Furnace
38:44 Two-Handed Swordsman
41:55 Forced Levy
53:25 Heavy Plow
57:37 Masonry
ElSchlekko
10:59 Feudal Age
9:18 Loom
14:48 Castle Age
13:23 Stone Mining
13:34 Horse Collar
14:27 Double-Bit Axe
18:45 Gold Mining
20:21 Fletching
23:06 Padded Archer Armor
27:10 Heavy Plow
27:25 Bow Saw
27:13 Bodkin Arrow
31:57 Imperial Age
30:50 Stone Shaft Mining
31:41 Leather Archer Armor
33:13 Paper Money
34:50 Two-Man Saw
34:32 Scale Mail Armor
34:06 Elite Skirmisher
36:06 Chain Mail Armor
36:02 Forging
35:33 Imperial Skirmisher
37:17 Crop Rotation
37:53 Wheelbarrow
37:04 Town Watch
38:12 Hand Cart
40:27 Bracer
40:58 Ring Archer Armor
42:28 Chemistry
51:00 Thumb Ring
53:31 Scale Barding Armor
54:02 Iron Casting
54:25 Caravan
55:09 Chain Barding Armor
55:08 Bloodlines
jusart.92
9:51 Feudal Age
10:08 Loom
14:27 Castle Age
13:14 Horse Collar
13:26 Double-Bit Axe
25:40 Imperial Age
23:33 Fletching
23:43 Padded Archer Armor
24:16 Padded Archer Armor
24:59 Bodkin Arrow
25:52 Ballistics
26:44 Bracer
27:30 Block Printing
27:42 Conscription
27:18 Crossbowman
28:54 Leather Archer Armor
31:57 Chemistry
32:51 Thumb Ring
35:27 Arbalester
40:01 Ring Archer Armor
41:12 Forging
41:02 Scale Mail Armor
45:48 Chain Mail Armor
46:08 Iron Casting
45:34 Gambesons
45:52 Squires
46:22 Arson
48:10 Plate Mail Armor
49:02 Wheelbarrow
52:30 Elite Varangian Guard
Thundah
10:41 Feudal Age
14:57 Castle Age
12:55 Double-Bit Axe
12:56 Horse Collar
16:35 Wheelbarrow
16:13 Bow Saw
20:02 Loom
21:30 Gold Mining
22:55 Stone Mining
24:09 Heavy Plow
25:49 Stone Shaft Mining
25:51 Gold Shaft Mining
26:28 Scale Mail Armor
26:39 Forging
27:28 Chain Mail Armor
28:04 Iron Casting
27:20 Fletching
31:06 Imperial Age
28:54 Hand Cart
28:57 Town Watch
29:35 Fortified Wall
29:48 Ballistics
29:24 Murder Holes
29:10 Treadmill Crane
30:07 Bodkin Arrow
31:18 Elite Jaguar Warrior
32:22 Garland Wars
33:22 Chemistry
33:07 Plate Mail Armor
33:55 Blast Furnace
33:03 Bracer
34:03 Conscription
34:29 Crop Rotation
35:28 Squires
35:14 Arson
Quintem
11:24 Feudal Age
12:10 Double-Bit Axe
15:01 Castle Age
12:56 Horse Collar
14:29 Fletching
20:18 Bodkin Arrow
26:48 Imperial Age
24:49 Bow Saw
24:36 Gold Mining
24:43 Loom
26:16 Ballistics
28:01 Wheelbarrow
27:44 Bracer
28:47 Padded Archer Armor
29:19 Fortified Wall
30:25 Conscription
31:53 Chemistry
32:50 Hand Cart
35:18 Warwolf
38:43 Leather Archer Armor
38:35 Siege Engineers
41:12 Elite Longbowman
45:10 Guilds
47:29 Caravan
48:23 Town Watch
49:30 Coinage
50:04 Hoardings
49:50 Yeomen
50:42 Masonry
52:11 Murder Holes
52:47 Architecture
54:28 Ring Archer Armor
54:55 Banking
55:38 Two-Man Saw
56:59 Treadmill Crane
57:16 Stone Mining
58:01 Gold Shaft Mining
Pancho
9:48 Loom
11:54 Feudal Age
15:32 Castle Age
14:55 Double-Bit Axe
14:52 Horse Collar
18:01 Loom
22:05 Scale Barding Armor
22:10 Forging
23:11 Wheelbarrow
25:32 Hand Cart
25:02 Town Watch
27:44 Chain Barding Armor
30:57 Imperial Age
29:48 Town Watch
31:24 Bloodlines
32:35 Plate Barding Armor
33:51 Forging
34:13 Fervor
33:47 Elite Steppe Lancer
34:34 Fletching
36:01 Iron Casting
35:29 Bodkin Arrow
38:02 Ballistics
38:18 Elite Skirmisher
39:29 Heavy Plow
40:35 Conscription
40:53 Sanctity
41:41 Padded Archer Armor
42:41 Thumb Ring
42:52 Leather Archer Armor
45:07 Blast Furnace
43:45 Pikeman
44:25 Squires
44:36 Gold Mining
44:49 Scale Mail Armor
44:52 Cavalier
47:29 Town Patrol
48:42 Gold Shaft Mining
48:50 Bow Saw
51:30 Two-Man Saw
51:09 Chain Mail Armor
51:45 Arson
52:21 Halberdier
53:32 Masonry
54:06 Steppe Husbandry
57:23 Chemistry
55:59 Light Cavalry
58:42 Plate Mail Armor
hanyok master
11:10 Feudal Age
12:03 Double-Bit Axe
15:33 Castle Age
13:16 Horse Collar
17:09 Bow Saw
17:05 Loom
18:48 Sanctity
19:27 Wheelbarrow
27:12 Imperial Age
27:26 Scale Barding Armor
27:35 Bloodlines
30:03 Fortified Wall
33:19 Fletching
34:10 Bodkin Arrow
34:43 Chain Barding Armor
35:32 Forging
39:21 Iron Casting
39:41 Heavy Camel Rider
46:46 Elite Shrivamsha Rider
50:06 Plate Barding Armor
50:12 Kshatriyas
54:23 Hand Cart
Connection lost

Rejoining the realm…

Still unreachable

The connection could not be restored.

Session expired

The server has moved on; the page needs a fresh start.